 Dungeon Crawl Stone Soup version 0.29.1-2-gbd0b4ee654 (webtiles) character file.

Game seed: 4768334494455790574

752 Sabo the Chopper (level 7, -2/61 HPs)
             Began as a Minotaur Fighter on Oct 23, 2022.
             Was a Priest of the Shining One.
             Succumbed to a gnoll's poison
             ... on level 4 of the Dungeon.
             The game lasted 00:21:45 (4357 turns).

Sabo the Chopper (Minotaur Fighter)                 Turns: 4357, Time: 00:21:45

Health: -2/61      AC:  9    Str: 22    XL:     7   Next: 49%
Magic:  15/15      EV: 10    Int: 11    God:    the Shining One [***...]
Gold:   144        SH:  4    Dex: 10    Spells: 6/6 levels left

rFire   . . .      SeeInvis .   a - +0 war axe
rCold   . . .      Faith    .   c - +0 buckler
rNeg    + . .      Spirit   .   b - +0 scale mail
rPois   .          Reflect  .   (helmet restricted)
rElec   .          Harm     .   g - +1 cloak
rCorr   .          Rampage  .   (no gloves)
Will    .....                   (no boots)
Stlth   ..........              (no amulet)
HPRegen 0.20/turn               m - +6 ring of intelligence
MPRegen 0.14/turn               t - ring of magical power

@: lethally poisoned (-2 -> -16), glowing
A: horns 2, retaliatory headbutt
a: Renounce Religion, Divine Shield, Cleansing Flame


You were on level 4 of the Dungeon.
You worshipped the Shining One.
The Shining One was most pleased with you.
You visited 1 branch of the dungeon, and saw 4 of its levels.

You collected 144 gold pieces.

Inventory:

Hand Weapons
 a - a +0 war axe (weapon)
Missiles
 o - 14 poisoned darts (quivered)
 u - 9 boomerangs
 w - a throwing net
Armour
 b - a +0 scale mail (worn)
 c - a +0 buckler (worn)
 g - a +1 cloak (worn)
Jewellery
 m - a +6 ring of intelligence (left hand)
 n - a ring of ice
 t - a ring of magical power (right hand)
Wands
 d - a wand of quicksilver (9)
Scrolls
 e - a scroll of blinking
 h - a scroll of noise {unknown}
 j - a scroll of fog {unknown}
 l - a scroll of brand weapon {unknown}
 q - a scroll of poison {unknown}
 r - 2 scrolls of teleportation
Potions
 f - 3 potions of heal wounds {unknown}
 i - 2 potions of cancellation {unknown}
 k - 2 potions of curing {unknown}
 s - a potion of haste {unknown}
 v - 3 potions of lignification {unknown}
 x - 3 potions of attraction {unknown}
 z - a potion of invisibility {unknown}


   Skills:
 + Level 5.1 Fighting
 + Level 7.4 Axes
 + Level 5.6 Armour
 + Level 1.7 Dodging
 + Level 1.0 Stealth
 + Level 4.6 Shields
 + Level 0.1 Invocations


You had 6 spell levels left.
You didn't know any spells.
Your spell library contained the following spells:

 Spells                   Type           Power      Damage    Failure   Level
 Blink                    Tloc           0%         N/A       86%         2
 Scorch                   Fire           0%         2d5       86%         2
 Lesser Beckoning         Tloc           0%         N/A       98%         3
 Flame Wave               Conj/Fire      0%         2d4       100%        4
 Manifold Assault         Tloc           0%         N/A       100%        5
 Summon Cactus Giant      Summ           0%         N/A       100%        6


Dungeon Overview and Level Annotations

Branches:
Dungeon (4/15)
 Temple: D:4-7

Altars:
Ashenzari
Gozag
Kikubaaqudgha
The Shining One


Innate Abilities, Weirdness & Mutations

You have a pair of horns on your head.
You reflexively headbutt those who attack you in melee.


Message History

You slash the gnoll!
You kill the gnoll!
You hit the goblin but do no damage. Your headbutt misses the goblin.
The goblin hits you but does no damage. x2
You hit the goblin.
You kill the goblin!
You barely miss the gnoll. The gnoll hits you with a +0 whip.
The gnoll hits you but does no damage.
You are poisoned.
You slash the gnoll! You headbutt the gnoll.
The gnoll is almost dead.
You feel sick. The gnoll hits you with a +0 whip. You block the gnoll's attack.
You slash the gnoll!
You kill the gnoll!
You feel sick.
The gnoll hits you from afar with a +2 halberd of venom!
You are more poisoned.
You feel very sick.
The gnoll hits you with a +2 halberd of venom!
You are lethally poisoned!
Items here: ))) †.
You hit the gnoll.
The gnoll is lightly wounded.
* * * LOW HITPOINT WARNING * * *
You feel extremely sick. You block the gnoll's attack.
You slash the gnoll!
The gnoll is almost dead.
* * * LOW HITPOINT WARNING * * *
You feel extremely sick. The gnoll barely misses you. You furiously retaliate!
You headbutt the gnoll. The gnoll misses you. You furiously retaliate!
You headbutt the gnoll, but do no damage.
You slash the gnoll!
You kill the gnoll!
* * * LOW HITPOINT WARNING * * *
You feel very sick.
* * * LOW HITPOINT WARNING * * *
You feel very sick.
You die...

#.# # #.# ..####### #.#
........# #.# ........# #.#
#.......# #.#
#.......#################.#
#.......)).@..............#
#.......#########.##########
......... ##...##....###.).#
#........##.....##...##.....
....#.>S.#.......#...#......
..#.#.g..#.....†)'...'......
. # #....#......)#...#......
#g...##.....##...##[....
##...###...###...#


There were no monsters in sight!

Vanquished Creatures
  2 black bears
  A necrophage (D:4)
  A vampire bat (D:3)
  A jelly (D:3)
  A hound (D:4)
  3 orc priests
  2 iguanas
  3 orc wizards
  The ghost of ZoeForever1 the Covered, a weakling HuFi (D:3)
  3 gnolls (D:4)
  3 adders (D:4)
  A worm (D:2)
  2 dart slugs
  13 orcs
  4 ball pythons
  8 bats
  5 bat zombies (D:3)
  7 endoplasms
  5 giant cockroaches
  7 goblins
  7 hobgoblins
  3 jackals (D:4)
  11 kobolds
  4 quokkas
  5 frilled lizards
  6 rats
109 creatures vanquished.

Notes
Turn   | Place    | Note
-------+----------+-------------------------------------------
     0 | D:1      | Sabo the Minotaur Fighter began the quest for the Orb.
     0 | D:1      | Reached XP level 1. HP: 19/19 MP: 0/0
   561 | D:1      | Found a faded altar of an unknown god.
   570 | D:1      | Reached XP level 2. HP: 26/27 MP: 1/1
   597 | D:1      | Prayed at the altar of an unknown god.
   597 | D:1      | Became a worshipper of the Shining One
   597 | D:1      | Reached * piety under the Shining One
  1043 | D:1      | Reached XP level 3. HP: 33/33 MP: 2/2
  1672 | D:2      | Reached skill level 3 in Axes
  1843 | D:2      | Found a broken altar of Ashenzari.
  2217 | D:3      | Reached XP level 4. HP: 34/40 MP: 3/3
  2295 | D:3      | Reached ** piety under the Shining One
  2300 | D:3      | Found a transporter.
  2301 | D:3      | Noticed ZoeForever1's ghost (weakling HuFi)
  2303 | D:3      | Found a transporter.
  2393 | D:3      | Reached skill level 4 in Axes
  2817 | D:3      | Reached XP level 5. HP: 41/47 MP: 4/4
  2993 | D:3      | Noticed a black bear
  2999 | D:3      | Killed a black bear
  3000 | D:3      | Reached skill level 5 in Axes
  3000 | D:3      | Reached skill level 5 in Armour
  3000 | D:3      | Reached skill level 1 in Dodging
  3200 | D:3      | Found an ancient bone altar of Kikubaaqudgha.
  3206 | D:3      | Reached XP level 6. HP: 53/53 MP: 5/5
  3364 | D:3      | Killed ZoeForever1's ghost
  3457 | D:4      | Reached skill level 1 in Stealth
  3460 | D:4      | Reached skill level 6 in Axes
  3850 | D:4      | Found an opulent altar of Gozag.
  4150 | D:4      | Reached XP level 7. HP: 60/60 MP: 6/6
  4220 | D:4      | Reached *** piety under the Shining One
  4256 | D:4      | Reached skill level 5 in Fighting
  4256 | D:4      | Reached skill level 7 in Axes
  4356 | D:4      | HP: 1/61 [poisoned by a gnoll]
  4357 | D:4      | Succumbed to a gnoll's poison

Illustrated notes

Levels and vault maps discovered:
D:1:      mushboom_english_gardens, layout_basic, ebering_ecumenical_altar_rust
D:2:      layout_loops_ring, basic_altar
D:3:      layout_loops_cross, kennysheep_vampire_church, gammafunk_ghost_arena
D:4:      kennysheep_six_static_rooms, layout_basic, mainiacjoe_overflow_paths

Skill      XL: |  1  2  3  4  5  6  7 |
---------------+----------------------+-----
Fighting       | 4 5 |  5.1
Shields        | 4 |  4.6
Armour         | 4 5 |  5.6
Axes           | 3 4 5 6 7 |  7.4
Dodging        | 1 |  1.7
Stealth        | 1 |  1.0
Invocations    | |  0.1

Action                   |  1- 3 |  4- 6 |  7- 9 || total
-------------------------+-------+-------+-------++-------
Melee: War axe           |    76 |    69 |    28 ||   173
       Headbutt          |     6 |    13 |     5 ||    24
Invok: Divine Shield     |       |     1 |       ||     1
  Use: Scroll            |       |     2 |     1 ||     3
       Potion            |       |     1 |       ||     1
Armor: Scale mail        |    47 |    46 |    16 ||   109
Dodge: Dodged            |    38 |    45 |     8 ||    91
Block: Buckler           |    10 |    25 |     6 ||    41
